[Event "Early-Titled-Tuesday-Blitz-April-02-2024"]
[Site "Chess.com"]
[Date "2024.04.02"]
[Round "10"]
[White "GrotBchess"]
[Black "Bykov_Egor"]
[Result "0-1"]
[WhiteElo "2435"]
[BlackElo "2633"]
[TimeControl "180+1"]
[EndTime "9:56:57 PDT"]
[Termination "Bykov_Egor won by checkmate"]

1. e4 e6 2. d4 d5 3. Nc3 Nf6 4.
e5 Nfd7 5. f4 c5 6. Nf3 Nc6 7.
Be3 a6 8. Qd2 b5 9. Ne2 Qb6 10.
c3 a5 11. a3 Ba6 12. Ng3 b4 13. axb4 cxb4 14. Bxa6 Qxa6 15. f5 Be7 16. fxe6 fxe6 17.
Bg5 O-O 18. Bxe7 bxc3 19. bxc3 Nxe7 20. Kf2 a4 21. Rhb1 a3 22. Rb3 Nb6 23. Rbxa3 Qxa3 24. Rxa3 Rxa3 25. h4 Nc4 26. Qg5 Ra7 27. Kg1 h6 28.
Qg4 Nf5 29. Kh2 Nce3 30. Qg6 Nxg3 31. Qxe6+ Kh8 32. Kxg3 Ra2 33. Ne1 Re2 34. Qe7 Nf5+ 35. Kf3 Nxe7+ 36. Kxe2 Kg8 37. Nd3 g5 38. h5 Kf7 39. Nc5 Rc8 40. Kd3 Rxc5 41. dxc5 Ke6 42. c4 Kxe5 43. cxd5 Kxd5 44. c6 Nxc6 45. Ke3 Ne5 46. Kf2 Ke4 47. Kg3 Ke3 48. Kh3 Kf2 49. g3 Kf3 50. Kh2 g4 51. Kh1 Kxg3 52. Kg1 Kf3 53.
Kh1 g3 54. Kg1 g2 55. Kh2 Kf2 56. Kh3 g1=Q 57. Kh4 Qg3# 0-1

[Event "Early-Titled-Tuesday-Blitz-April-02-2024"]
[Site "Chess.com"]
[Date "2024.04.02"]
[Round "10"]
[White "rhwr"]
[Black "Kratos031"]
[Result "0-1"]
[WhiteElo "2253"]
[BlackElo "2456"]
[TimeControl "180+1"]
[EndTime "9:56:57 PDT"]
[Termination "Kratos031 won on time"]

1. e4 e6 2. Nf3 c5 3. e5 Nc6 4. d3 d6 5. exd6 Bxd6 6. Nc3 Nf6 7. Be2 O-O 8. O-O b6 9. Be3 Bb7 10. d4 Nd5 11. Nxd5 exd5 12. dxc5 Bxc5 13. Bxc5 bxc5 14.
c3 Re8 15. Re1 Qd6 16. Bb5 h6 17. Qa4 a6 18. Bd3 Qf6 19. h3 Re6 20. Rxe6 fxe6 21. Re1 e5 22. Bf1 e4 23. Nd2 Rf8 24. f3 Qg5 25.
Qd1 e3 26. Nb3 d4 27. Bc4+ Kh8 28. cxd4 cxd4 29. Qe2 Ne5 30. Nxd4 Bxf3 31. Nxf3 Nxf3+ 32. Kh1 Nxe1 33. Qxe1 Qf4 34. Bxa6 Rd8 35. Be2 Qd4 36. b3 Qb2 37. Bf3 Qd2 38. Qf1 Rc8 39. Kh2 Qd6+ 40. g3 Rc2+ 41. Bg2 Qd8 42. Qf5 Rd2 43. Qe4 e2 44. h4 Rc2 45. Qxc2 e1=Q 0-1

[Event "Early-Titled-Tuesday-Blitz-April-02-2024"]
[Site "Chess.com"]
[Date "2024.04.02"]
[Round "10"]
[White "N_I_Chess"]
[Black "Barmen_EV"]
[Result "0-1"]
[WhiteElo "2396"]
[BlackElo "2579"]
[TimeControl "180+1"]
[EndTime "9:56:58 PDT"]
[Termination "Barmen_EV won by resignation"]

1. d4 Nf6 2. c4 g6 3. Nc3 Bg7 4. e4 d6 5. f4 O-O 6. Nf3 e5 7.
fxe5 Nh5 8. exd6 Nc6 9. Be3 Qxd6 10. e5 Qd8 11. Be2 f5 12. Bg5 Qe8 13. Qd2 f4 14. Bh4 Bf5 15. O-O h6 16. Kh1 g5 17. Bf2 Rd8 18.
Rad1 Nxe5 19. Nxe5 Bxe5 20. dxe5 Rxd2 21. Rxd2 g4 22. Bd4 Ng3+ 23. hxg3 Qh5+ 24. Kg1 fxg3 25. Rf4 Qh2+ 26. Kf1 Be6 27. Rxf8+ Kxf8 28. Bd3 h5 29. Ne4 h4 30. Bg1 Qh1 31. Ng5 h3 32. Nxe6+ Ke7 33. Nf4 h2 34. Ne2 c6 35. b3 Ke6 36. Be4 Kxe5 37. Bc2 hxg1=Q+ 38. Nxg1 Qh6 39. Re2+ Kd4 40. Be4 Qf4+ 41. Bf3 gxf3 42. Nxf3+ Kc3 43. Re1 Kb2 44. Re2+ Ka3 45. Rd2 Qf5 46. Ke2 Qe4+ 47. Kf1 a5 48. Re2 Qh7 49. Re1 Kxa2 50. Ng1 Qf7+ 51.
Ke2 Kxb3 52. Kd1 Qxc4 53. Re3+ Kb4 54. Ne2 Qd5+ 55. Ke1 Qxg2 56. Kd2 Qd5+ 57. Rd3 Qg5+ 58. Kc2 g2 59. Rb3+ Kc5 60. Rc3+ Kb6 61. Rb3+ Ka7 62. Rb1 Qe3 63. Re1 g1=Q 0-1

[Event "Early-Titled-Tuesday-Blitz-April-02-2024"]
[Site "Chess.com"]
[Date "2024.04.02"]
[Round "10"]
[White "AA95"]
[Black "DanielSaiz01"]
[Result "1-0"]
[WhiteElo "2496"]
[BlackElo "2294"]
[TimeControl "180+1"]
[EndTime "9:56:58 PDT"]
[Termination "AA95 won on time"]

1. Nf3 c5 2. g3 Nc6 3. Bg2 g6 4. O-O Bg7 5. c3 e6 6. d4 cxd4 7. cxd4 d5 8. Nc3 Nge7 9. e4 dxe4 10. Nxe4 h6 11. Bf4 O-O 12. Qd2 Nf5 13. Rfd1 Ncxd4 14. Nxd4 Qxd4 15. Qxd4 Nxd4 16. Nd6 Ne2+ 17. Kf1 Nxf4 18. gxf4 Bd7 19. Bxb7 Rab8 20. Rab1 e5 21. Bd5 Bh3+ 22. Kg1 exf4 23. b4 Be5 24. Nxf7 Rxf7 25. b5 Kg7 26. Bxf7 Kxf7 27. a4 Bf5 28. Rbc1 f3 29. Rd5 Kf6 30. Rc6+ Be6 31. Rd3 Rc8 32. Rxf3+ Ke7 33. Re3 Rxc6 34. bxc6 Bc7 35. Rb3 Kd6 36. Rb7 Kxc6 37. Rxa7 Bb6 38. Rg7 Bf5 39. Rh7 h5 40. Rf7 Ba5 41. Rf6+ Kc5 42.
Ra6 Kb4 43. Kg2 Kxa4 44. Kg3 Kb5 45. Ra8 Bb6 46. Rh8 Bc7+ 47. Kf3 Bxh2 48. Ra8 Kc6 49. Ra5 1-0

[Event "Early-Titled-Tuesday-Blitz-April-02-2024"]
[Site "Chess.com"]
[Date "2024.04.02"]
[Round "10"]
[White "VeraVujovic"]
[Black "JoliyRoger"]
[Result "1-0"]
[WhiteElo "2254"]
[BlackElo "2406"]
[TimeControl "180+1"]
[EndTime "9:56:59 PDT"]
[Termination "VeraVujovic won on time"]

1. e4 c6 2. c4 d5 3. cxd5 cxd5 4.
exd5 Qxd5 5. Nc3 Qd6 6. Nf3 e6 7. Bc4 Nf6 8. O-O Be7 9. d4 O-O 10. a4 Nc6 11. b3 b6 12. Ba3 Qd8 13. Bb5 Nb4 14. Ne5 Bb7 15. Ne2 Rc8 16. Rc1 a6 17.
Rxc8 Qxc8 18. Bc4 Rd8 19. f4 Nbd5 20. Bxe7 Nxe7 21. f5 Bd5 22. fxe6 Qxe6 23. Nf4 Qd6 24.
Nxd5 Nexd5 25. Qe2 b5 26. axb5 axb5 27. Bxb5 Nc3 28.
Qc4 Qxd4+ 29. Qxd4 Rxd4 30. Bc4 Ncd5 31. g4 h6 32. h4 Nxg4 33. Nf3 Rxc4 34. bxc4 Nf4 35. c5 Ne3 36. Re1 Ned5 37. c6 Kf8 38. Nd4 Nc7 39. Nf5 Nfd5 40. Re5 g6 41. Nxh6 Kg7 42. Ng4 f5 43.
Ne3 Kf6 44. Rxd5 Nxd5 45. Nxd5+ Ke6 46. c7 Kd7 47. Kf2 g5 48. hxg5 1-0

[Event "Early-Titled-Tuesday-Blitz-April-02-2024"]
[Site "Chess.com"]
[Date "2024.04.02"]
[Round "10"]
[White "rachidhuilda"]
[Black "campochess"]
[Result "1-0"]
[WhiteElo "2311"]
[BlackElo "2172"]
[TimeControl "180+1"]
[EndTime "9:57:01 PDT"]
[Termination "rachidhuilda won on time"]

1. d4 d5 2. c4 e6 3. Nf3 a6 4.
cxd5 exd5 5. Bf4 c6 6. e3 Nf6 7. Nc3 Bd6 8. Bg3 O-O 9. Bd3 Bg4 10. Qc2 Bh5 11. O-O Bg6 12. Rab1 Re8 13. Ne5 Qe7 14.
Nxg6 hxg6 15. Bxd6 Qxd6 16. b4 Nbd7 17. a4 Re7 18.
Rfd1 Rae8 19. b5 Ne4 20. bxa6 bxa6 21. Bxe4 dxe4 22. Rdc1 Nf6 23. Ne2 Rc7 24. Rb6 a5 25. Rxc6 Rxc6 26. Qxc6 Qa3 27. h3 Rb8 28. Ng3 Kh7 29.
Rc5 Qd3 30. Rxa5 Qd2 31. Rb5 Rf8 32. Nxe4 Qe1+ 33. Kh2 Nxe4 34. Qxe4 Qxf2 35. Qf3 Qa2 36. a5 Qe6 37. Re5 Qa6 38. Qd5 Qa7 39. Qc5 Qb8 40.
Qd5 f6 41. Qe4 fxe5 42. dxe5 Re8 43. Qh4+ Kg8 44. Qa4 Qxe5+ 45. Kg1 Qxe3+ 46. Kh1 Qe1+ 47. Kh2 Qe5+ 48. Kh1 Rd8 49. a6 Rd4 50. Qa1 Re4 51. Qa2+ 1-0

[Event "Early-Titled-Tuesday-Blitz-April-02-2024"]
[Site "Chess.com"]
[Date "2024.04.02"]
[Round "10"]
[White "Heliosis11"]
[Black "noblerone"]
[Result "0-1"]
[WhiteElo "2381"]
[BlackElo "2546"]
[TimeControl "180+1"]
[EndTime "9:57:02 PDT"]
[Termination "noblerone won by checkmate"]

1. e4 c5 2. Nf3 e6 3. Nc3 Nc6 4. d4 cxd4 5. Nxd4 Qc7 6. Be3 a6 7. Qf3 Nf6 8. O-O-O Nxd4 9. Bxd4 e5 10. Be3 d6 11. Bg5 Be7 12. Bxf6 Bxf6 13. Nd5 Bg5+ 14. Kb1 Qd8 15. Bc4 O-O 16. g3 Be6 17. h4 Be7 18. h5 h6 19. Qe3 Rc8 20. Bb3 b5 21. f4 Bg4 22. Rdf1 a5 23. fxe5 dxe5 24. Qa7 Bg5 25. a4 bxa4 26. Bxa4 Be6 27. Bb3 Kh8 28. Rf2 Ra8 29.
Qc5 a4 30. Ba2 a3 31. b4 Rc8 32. Qb5 Rb8 33. Qa4 Ra8 34. Qb3 Qd6 35. c4 Rfb8 36.
c5 Qc6 37. Rhf1 Ra7 38. Ka1 Qa6 39. Rb1 Qc6 40. Rc2 f6 41. b5 Qc8 42. b6 Ra5 43.
Qb4 Raa8 44. Nc7 Rb7 45. Bxe6 Qd8 46. Bd5 Be3 47. Nxa8 Bd4+ 48. Ka2 Qxa8 49. Bxb7 Qxb7 50. Qxa3 Qf7+ 51. Rb3 Qxh5 52. Qa8+ Kh7 53. b7 Qh1 54. b8=Q Qa1# 0-1

[Event "Early-Titled-Tuesday-Blitz-April-02-2024"]
[Site "Chess.com"]
[Date "2024.04.02"]
[Round "10"]
[White "cakeuvdort"]
[Black "only_strong_moves"]
[Result "1-0"]
[WhiteElo "2457"]
[BlackElo "2730"]
[TimeControl "180+1"]
[EndTime "9:57:03 PDT"]
[Termination "cakeuvdort won by resignation"]

1. Nf3 Nf6 2. e3 e6 3. b3 d5 4. Bb2 Be7 5. d4 O-O 6. Be2 b6 7. O-O Bb7 8. c4 Nbd7 9. Nbd2 c5 10. Rc1 Rc8 11. cxd5 Nxd5 12. a3 cxd4 13. Rxc8 Qxc8 14. Nxd4 Ba6 15. b4 Bf6 16. Ne4 Bxe2 17. Qxe2 Bxd4 18. Bxd4 Qc7 19. Qg4 e5 20. Bb2 f5 21. Qd1 Qc4 22. Nd6 Qc6 23. Nxf5 Rxf5 24. e4 Nf4 25.
g3 Rg5 26. Qb3+ Qe6 27. Qxe6+ Nxe6 28. Rd1 Nef8 29. f3 Rg6 30. Rd5 Rc6 31. Bxe5 Nxe5 32. Rxe5 Rc3 33. Re7 Rxa3 34. f4 Ra4 35. e5 a6 36. f5 Rxb4 37. e6 Re4 38. Re8 Re1+ 39. Kf2 Re5 40. g4 h5 41. e7 Rxe7 42. Rxe7 hxg4 43.
Kg3 b5 44. Ra7 Nh7 45. Kxg4 Nf6+ 46. Kg5 b4 47. Rxa6 Kf7 48. Rb6 Nd5 49. Rb7+ Kf8 50. h4 Nf6 51. Rxb4 Ne4+ 52. Kg6 Nf6 53.
Rb8+ Ke7 54. Rb7+ Kf8 55. Rf7+ Ke8 56. Rxf6 gxf6 57. Kxf6 1-0

[Event "Early-Titled-Tuesday-Blitz-April-02-2024"]
[Site "Chess.com"]
[Date "2024.04.02"]
[Round "10"]
[White "LeninGuerra"]
[Black "FGHSMN"]
[Result "0-1"]
[WhiteElo "2724"]
[BlackElo "2908"]
[TimeControl "180+1"]
[EndTime "9:57:04 PDT"]
[Termination "FGHSMN won by checkmate"]

1. e4 c5 2. Nf3 e6 3. b4 cxb4 4.
a3 Nc6 5. Bd3 Nf6 6. O-O Qc7 7.
Re1 d6 8. Bb2 Be7 9. axb4 Nxb4 10.
Bb5+ Bd7 11. Bxd7+ Qxd7 12. Bc3 Nc6 13. d4 d5 14. e5 Ne4 15. Bb2 b5 16. Nbd2 Nxd2 17. Qxd2 O-O 18. c3 a5 19. h4 a4 20. h5 h6 21. Qf4 Na5 22. Nh2 Nc4 23. Bc1 f5 24. exf6 Bxf6 25. Qg3 Kh8 26. Qg6 Qe8 27. Qg4 Ra6 28.
Nf3 Qf7 29. Ba3 Nxa3 30. Rxa3 Qe7 31. Ra2 b4 32. cxb4 Qxb4 33. Kh2 Qd6+ 34. g3 a3 35. Kg2 Rb6 36. Re3 Ra8 37. Ne5 Bxe5 38. dxe5 Qc5 39. Qf3 Rba6 40. Rc3 Qd4 41. Rcxa3 Rxa3 42. Rxa3 Rxa3 43. Qxa3 Qxe5 44. Qf8+ Kh7 45. Qe8 Qf5 46.
f3 d4 47. g4 Qf6 48. Qc6 Qe5 49. Qe8 Qf6 50. Qc6 e5 51. Qe4+ Kg8 52. Qd5+ Kf8 53.
Qa8+ Ke7 54. Qb7+ Kd6 55. Qb6+ Kd7 56. Qb7+ Ke6 57. Qc6+ Kf7 58. Qd7+ Qe7 59. Qf5+ Kg8 60. Qc8+ Qf8 61. Qe6+ Kh8 62. Qxe5 Qd8 63. Qe2 d3 64.
Qd2 Qd4 65. Kf1 Kg8 66. Ke1 Qg1# 0-1

[Event "Early-Titled-Tuesday-Blitz-April-02-2024"]
[Site "Chess.com"]
[Date "2024.04.02"]
[Round "10"]
[White "MarkusRagger"]
[Black "HajiyevKanan"]
[Result "0-1"]
[WhiteElo "2698"]
[BlackElo "2618"]
[TimeControl "180+1"]
[EndTime "9:57:04 PDT"]
[Termination "HajiyevKanan won by checkmate"]

1. e4 c6 2. Nf3 d5 3. Nc3 a6 4. d4 Bg4 5. h3 Bh5 6. exd5 cxd5 7. g4 Bg6 8. Ne5 Nc6 9. h4 Nxe5 10. dxe5 h5 11.
Qxd5 Qxd5 12. Nxd5 O-O-O 13. Bg2 hxg4 14. Bg5 f6 15. Bf4 e6 16. Nb6+ Kc7 17. Nc4 Rd4 18. exf6+ Rxf4 19. Ne5 Be4 20. O-O-O Bxg2 21. Rhg1 Bd5 22.
Ng6 Rxf2 23. Nxh8 Nxf6 24. Nf7 Ne4 25. Ne5 g3 26. Nd3 Rh2 27. Rdf1 Bd6 28. Rf7+ Kb6 29.
Rxg7 Rxh4 30. b3 Nf2 31. Ne1 Ba3+ 32. Kd2 Rh2 33. Kc3 Bc5 34. R1xg3 Ne4+ 35. Kb2 Nxg3 36.
Rxg3 Bf2 37. Rg5 Bxe1 38. a3 Be4 39. a4 Rxc2+ 40. Ka3 Bd5 41. a5+ Bxa5 42. Rg3 Rc3 43. Rg2 Rxb3+ 44. Ka4 Rb4+ 45. Ka3 Kb5 46. Rg1 Ra4+ 47.
Kb2 Ra2+ 48. Kb1 Bc3 49. Rg3 Ra1+ 50. Kc2 Be5 51. Re3 Bd4 52. Rd3 Be4 53. Kb3 Rb1+ 54. Ka2 Bxd3 55. Ka3 Kc4 56. Ka2 Ra1# 0-1

[Event "Early-Titled-Tuesday-Blitz-April-02-2024"]
[Site "Chess.com"]
[Date "2024.04.02"]
[Round "10"]
[White "UK_23"]
[Black "whiteglovethief"]
[Result "0-1"]
[WhiteElo "2383"]
[BlackElo "2552"]
[TimeControl "180+1"]
[EndTime "9:57:04 PDT"]
[Termination "whiteglovethief won by resignation"]

1. e4 e6 2. d4 d5 3. e5 c5 4. c3 Nc6 5. Nf3 Bd7 6. Bd3 Qc7 7.
a3 c4 8. Bc2 f6 9. Bf4 fxe5 10.
Nxe5 Nxe5 11. Bxe5 Qb6 12. Qh5+ Kd8 13. Ra2 Nf6 14.
Qf7 Be7 15. Qxg7 Rg8 16. Qh6 Ng4 17. Qxh7 Rf8 18. O-O Nxe5 19. dxe5 Bc5 20. Nd2 Bxf2+ 21.
Kh1 Kc7 22. Nf3 Rh8 23. Qe7 Bc5 24. Qg5 Rag8 25. Qd2 Be3 26. Qe2 Bf4 27. a4 Rh6 28. a5 Qc5 29. Raa1 Rgh8 30. h3 Qe7 31. Nd4 Bg3 32. Rf3 Qg7 33. Qe3 Bxe5 34. Re1 Bxd4 35.
cxd4 Rg8 36. Re2 Rf6 37. Rxf6 Qxf6 38. Qf3 Rf8 39. Qxf6 Rxf6 40. Kg1 Rf4 41. Rd2 Kd6 42. g3 Rf3 43. Kg2 Rf8 44. h4 e5 45. dxe5+ Kxe5 46. Re2+ Kd4 47. Re7 Bc6 48. Bg6 Kc5 49. h5 d4+ 50. Kh3 d3 51. h6 Rf6 52. Bh5 Rxh6 53.
Kh4 Bf3 54. g4 d2 55. Rd7 d1=Q 56. Rxd1 Bxd1 57. Kg5 Rxh5+ 58. gxh5 Bxh5 59. Kxh5 Kb4 60. a6 bxa6 0-1

[Event "Early-Titled-Tuesday-Blitz-April-02-2024"]
[Site "Chess.com"]
[Date "2024.04.02"]
[Round "10"]
[White "margarita_2703"]
[Black "mary-sanna"]
[Result "1/2-1/2"]
[WhiteElo "2314"]
[BlackElo "2225"]
[TimeControl "180+1"]
[EndTime "9:57:06 PDT"]
[Termination "Game drawn by agreement"]

1. h3 d5 2. d4 Nf6 3. Nf3 Bf5 4. Bf4 e6 5. e3 Bd6 6. Nbd2 O-O 7. Bd3 Bg6 8. Ne5 c5 9. Nxg6 hxg6 10. Bxd6 Qxd6 11.
c3 Nc6 12. O-O Rab8 13. Rc1 b5 14. dxc5 Qxc5 15. e4 Ne5 16. Bb1 Nc4 17. exd5 Qxd5 18. Nxc4 Qxc4 19. b3 Qf4 20. c4 Rfd8 21. Qe2 Rd2 22.
Qe3 Qxe3 23. fxe3 bxc4 24. Rxc4 Nd5 25. Re1 Rd8 26. Be4 Nf6 27. Bb1 Nd5 28. Rd4 Rxd4 29. exd4 Nc3 30. Rc1 Nxb1 31. Rxb1 Rxd4 32. Rb2 Kf8 33.
Kf2 Ke7 34. Ke3 e5 35. Rd2 Rxd2 36. Kxd2 f5 37. b4 Kd6 38. a4 Kd5 39. Kd3 g5 40. b5 Kc5 41. Kc3 Kb6 42. Kb4 e4 43. a5+ Kb7 44. Kc4 f4 45. Kd4 e3 46. Kd3 Kc7 47. Ke2 Kd6 48. b6 a6 49. Kf3 Kc6 50.
Ke2 Kb7 51. g3 Kc6 52. h4 gxh4 53. gxh4 Kb7 54. Kf3 Kc6 55. Ke2 Kb7 56. Kf3 1/2-1/2

[Event "Early-Titled-Tuesday-Blitz-April-02-2024"]
[Site "Chess.com"]
[Date "2024.04.02"]
[Round "10"]
[White "Caracal3000"]
[Black "KononenkoD"]
[Result "1-0"]
[WhiteElo "2552"]
[BlackElo "2624"]
[TimeControl "180+1"]
[EndTime "9:57:10 PDT"]
[Termination "Caracal3000 won on time"]

1. e4 c6 2. d4 d5 3. Nc3 dxe4 4. Nxe4 Bf5 5. Ng3 Bg6 6. h4 h6 7. f4 e6 8. Nf3 Ne7 9. h5 Bh7 10. Bd3 Bxd3 11. Qxd3 Nd7 12. Bd2 Qc7 13. O-O-O O-O-O 14. Ne5 Nxe5 15. fxe5 f6 16. exf6 gxf6 17. Qf3 f5 18. Bf4 Qa5 19. Qb3 Nd5 20. Be5 Rg8 21. Rhe1 Bb4 22.
c3 Bd6 23. c4 Nc7 24. Bxd6 Rxd6 25. c5 Rd5 26. Ne2 Rg4 27. g3 Re4 28. Nc3 Rxe1 29.
Rxe1 Rxd4 30. Rxe6 Nxe6 31. Qxe6+ Rd7 32. Qxf5 Qd8 33.
Ne4 Kb8 34. Nd6 b6 35. Qf4 Qg5 36. Qxg5 hxg5 37. Ne4 g4 38. Nf6 Rg7 39. h6 Rg6 40. h7 Rh6 41. Kd2 Kc7 42. Ke3 Kd8 43. Kf4 Ke7 44.
Ng8+ Kf7 45. Nxh6+ Kg7 46. Nxg4 Kxh7 47. cxb6 axb6 48. Ne5 c5 49. Nd7 Kg7 50. Nxb6 Kf6 51. Nc4 Ke6 52. b3 Kd5 53. g4 Kd4 54. g5 Kc3 55. g6 1-0

[Event "Early-Titled-Tuesday-Blitz-April-02-2024"]
[Site "Chess.com"]
[Date "2024.04.02"]
[Round "10"]
[White "Alenzer"]
[Black "arnash_bauyrzhan"]
[Result "0-1"]
[WhiteElo "2198"]
[BlackElo "2347"]
[TimeControl "180+1"]
[EndTime "9:57:11 PDT"]
[Termination "arnash_bauyrzhan won by resignation"]

1. e4 c5 2. Nf3 e6 3. d4 cxd4 4. Nxd4 a6 5. c4 Nf6 6. Nc3 Bb4 7. Qd3 Qc7 8. Be2 Nc6 9. Nxc6 dxc6 10. O-O e5 11. f3 Bc5+ 12. Be3 Bxe3+ 13. Qxe3 O-O 14. Rfd1 Be6 15. c5 Rad8 16. b4 Nh5 17. g3 Rd4 18. Rxd4 exd4 19. Qxd4 Nxg3 20. Bc4 Rd8 21. Qf2 Nxe4 22. Nxe4 Bxc4 23. Nd6 Bd5 24. Re1 Qd7 25.
a3 Qh3 26. Qg3 Qxg3+ 27. hxg3 Bxf3 28. Re7 Bd5 29. Rxb7 Ra8 30. Kf2 g6 31. Ke3 a5 32. b5 cxb5 33. Rxb5 a4 34. Kd4 Be6 35. Ne4 Rc8 36. Ra5 Bb3 37. Nd6 Rc6 38. Nc4 h5 39. Nb6 g5 40. Nxa4 h4 41. Ra8+ Kg7 42. Nc3 hxg3 43.
Ne4 g2 44. Rb8 g1=Q+ 45. Kc3 Bd5 46. Nd6 Qg3+ 0-1

[Event "Early-Titled-Tuesday-Blitz-April-02-2024"]
[Site "Chess.com"]
[Date "2024.04.02"]
[Round "10"]
[White "Antosha_Chekhonte"]
[Black "ploxoi"]
[Result "0-1"]
[WhiteElo "2578"]
[BlackElo "2478"]
[TimeControl "180+1"]
[EndTime "9:57:16 PDT"]
[Termination "ploxoi won on time"]

1. e4 c5 2. Nf3 e6 3. g3 Nc6 4. Bg2 d5 5. exd5 Qxd5 6. O-O Nge7 7. Re1 Nf5 8. Ne5 Qd6 9. Nxc6 bxc6 10. Na3 Be7 11. Nc4 Qc7 12. d3 f6 13. c3 O-O 14.
h4 Rb8 15. h5 e5 16. Be4 Rd8 17.
Qf3 Nd6 18. Bxc6 Nxc4 19. dxc4 Bb7 20. Bxb7 Qxb7 21. Qxb7 Rxb7 22. b3 Kf7 23. Be3 Rbd7 24. Kf1 Rd3 25. Rac1 a5 26. Ke2 f5 27. Red1 e4 28.
Rxd3 Rxd3 29. Bd2 Bf6 30. Be1 Ke6 31. Rd1 Bxc3 32. Bxc3 Rxc3 33. Rd5 Rc2+ 34. Kf1 Rxa2 35. Rxc5 Kd6 36. Rxf5 a4 37. b4 Rc2 38. Ra5 Rxc4 39. Rxa4 Ke7 40. Ra7+ Kf6 41. Rb7 Rc2 42. Ke1 Rb2 43.
Rb5 h6 44. g4 Ke6 45. Rb6+ Kf7 46. Kf1 Ke7 47. Kg1 Kf7 48. Kf1 Ke7 49. Rb7+ Kf6 50. Rb5 Kf7 51. Kg2 e3 52. Rf5+ Kg8 53. b5 exf2 54.
g5 hxg5 55. Rxg5 Kh7 56. Rf5 Kh6 0-1

[Event "Early-Titled-Tuesday-Blitz-April-02-2024"]
[Site "Chess.com"]
[Date "2024.04.02"]
[Round "10"]
[White "Ergali_Suleimen"]
[Black "NowInChess"]
[Result "1-0"]
[WhiteElo "2376"]
[BlackElo "2252"]
[TimeControl "180+1"]
[EndTime "9:57:17 PDT"]
[Termination "Ergali_Suleimen won on time"]

1. e4 e6 2. d4 d5 3. e5 c5 4.
c3 Nc6 5. Nf3 Qb6 6. Bd3 Nh6 7.
O-O cxd4 8. h3 Be7 9. Re1 Nf5 10. Bxf5 exf5 11. cxd4 Be6 12. Nc3 h6 13. a3 Na5 14.
Nd2 Qxd4 15. Nb5 Qb6 16. Nd6+ Bxd6 17. exd6 O-O 18. b4 Nc4 19. Nxc4 dxc4 20. Bb2 Rfd8 21. Qf3 Qxd6 22. Rad1 Qc7 23. Qc3 f6 24. Rxd8+ Rxd8 25. Rxe6 Rd1+ 26. Re1 Rd3 27. Qc2 b5 28. Rd1 Qd6 29.
Rxd3 cxd3 30. Qd2 Qd5 31. Bc3 Qc4 32. g3 Qe4 33. h4 a6 34. Qe3 Qc4 35. Bd2 Kh7 36. Qf3 Kg6 37. h5+ Kf7 38. Qxf5 Qc2 39. Qd7+ Kf8 40. Be3 Qd1+ 41. Kg2 Qxh5 42. Qxd3 Ke8 43. Bc5 Qf7 44. Qd6 Qb7+ 45. Kg1 Kf7 46. Be3 Kg6 47. Qd3+ Kf7 48. Qb3+ Kg6 49. Qd3+ Kf7 50.
g4 Qf3 51. Qf5 Qd1+ 52. Kg2 Qe2 53. Qd7+ Kg6 54. Qf5+ Kf7 55. Bc5 Qb2 56. Qd5+ Kg6 57. Qe4+ Kf7 58. Qd3 1-0

[Event "Early-Titled-Tuesday-Blitz-April-02-2024"]
[Site "Chess.com"]
[Date "2024.04.02"]
[Round "10"]
[White "NelsonLinda"]
[Black "alexrustemov"]
[Result "0-1"]
[WhiteElo "2641"]
[BlackElo "2874"]
[TimeControl "180+1"]
[EndTime "9:57:18 PDT"]
[Termination "alexrustemov won by resignation"]

1. Nf3 d5 2. d4 Nf6 3. e3 Bg4 4. Be2 e6 5. b3 Bd6 6. Bb2 O-O 7.
O-O Nbd7 8. c4 c6 9. Nbd2 Ne4 10. Nxe4 dxe4 11. Ne5 Bxe2 12. Qxe2 f5 13. Nxd7 Qxd7 14. f3 Qc7 15. fxe4 Bxh2+ 16. Kh1 Bd6 17. exf5 exf5 18. e4 fxe4 19. Qxe4 Rae8 20. Qg4 Qe7 21. d5 cxd5 22. cxd5 Rf7 23. Bc3 Ref8 24. Rxf7 Qxf7 25. Qe6 Bg3 26. Rf1 Qxe6 27. Rxf8+ Kxf8 28. dxe6 g6 29. Bf6 Bd6 30. Kg1 Be7 31. Be5 Bc5+ 32. Kf1 Ke7 33. Bb8 Kxe6 34. Ke2 a6 35. Kd3 Kd5 36. Bf4 Bd6 37. Be3 h5 38. Bg5 Be5 39. Be3 b5 40. Bg5 Bd6 41. Be3 Ke6 42. Ke4 Be7 43. Bf2 g5 44.
Be3 g4 45. Bf2 h4 46. Kf4 g3 47. Be3 Kd5 48. Kg4 Ke4 49. Bb6 Kd3 50. Bc7 Kc2 51. Bf4 Kb2 52. Be3 Kxa2 53. Bd4 Kxb3 54. Bc5 Bxc5 0-1

[Event "Early-Titled-Tuesday-Blitz-April-02-2024"]
[Site "Chess.com"]
[Date "2024.04.02"]
[Round "10"]
[White "MikeSailer"]
[Black "Itay121"]
[Result "0-1"]
[WhiteElo "2183"]
[BlackElo "2526"]
[TimeControl "180+1"]
[EndTime "9:57:18 PDT"]
[Termination "Itay121 won on time"]

1. d4 Nf6 2. Nf3 g6 3. Bf4 Bg7 4. e3 O-O 5. Be2 d6 6. h3 c6 7. O-O Nbd7 8. c4 Re8 9. Nc3 e5 10. Bh2 Qe7 11. Re1 e4 12. Nd2 d5 13. cxd5 cxd5 14. Nb5 Rd8 15. Bc7 Re8 16. Bd6 Qe6 17. Bh2 Nb6 18. Nc7 Qe7 19. Nxe8 Nxe8 20. Rc1 Bd7 21.
Qb3 h5 22. Qa3 Qg5 23. Kh1 Qf5 24. Rf1 h4 25. Qa5 Qg5 26. Bf4 Qe7 27. Qc5 Qxc5 28.
Rxc5 Bc6 29. b3 Bf8 30. Rc2 a5 31. a4 Nd7 32. Bb5 Nb8 33. Bxc6 Nxc6 34. Nb1 Nb4 35. Rd2 Nc6 36. Nc3 Nb4 37. Nb5 Rd8 38. f3 exf3 39.
Rxf3 Ng7 40. Bg5 Re8 41. Nc7 Rc8 42. Nb5 Nf5 43. Bf6 Rc1+ 44. Kh2 Ng3 45. Rxg3 hxg3+ 46. Kxg3 Nc2 47. Kf3 Ne1+ 48. Ke2 Nxg2 49. Kd3 Ne1+ 50.
Ke2 Nc2 51. Kd3 Nb4+ 52. Ke2 Rc8 53. Na3 Nc6 54. Nc2 Re8 55. Ne1 Bb4 56. Rd1 Re6 0-1

[Event "Early-Titled-Tuesday-Blitz-April-02-2024"]
[Site "Chess.com"]
[Date "2024.04.02"]
[Round "10"]
[White "Kotofeyca"]
[Black "JCVanDamme10"]
[Result "1-0"]
[WhiteElo "2504"]
[BlackElo "2359"]
[TimeControl "180+1"]
[EndTime "9:57:20 PDT"]
[Termination "Kotofeyca won on time"]

1. d4 d5 2. c4 c6 3. Nc3 Nf6 4. cxd5 cxd5 5. Bf4 Nc6 6. e3 a6 7. Nf3 Bf5 8. Ne5 Nxe5 9. dxe5 Ne4 10. Qxd5 Nxc3 11. Qxd8+ Rxd8 12. bxc3 e6 13. f3 Bc5 14.
e4 Bg6 15. Rb1 Rd7 16. a4 Ke7 17. Bg5+ f6 18. exf6+ gxf6 19. Bh4 Be3 20. e5 Bd2+ 21. Kf2 Bxc3 22. Bxf6+ Kf7 23. Bxh8 Bxb1 24. Bc4 Bc2 25. Rc1 Bd4+ 26. Kg3 Bxa4 27. Ba2 Bc6 28. f4 Bb2 29. Rc2 Rd3+ 30. Kg4 Bd4 31. f5 Re3 32. Bxe6+ Kf8 33. Kf4 Re4+ 34. Kg5 Bxe5 35. Bxe5 Rxe5 36. Kf6 Re3 37. Rd2 Be8 38. Rd8 b5 39. Ra8 Re2 40.
Bf7 b4 41. g4 a5 42. Bxe8 Rxe8 43. Rxa5 Rb8 44. Ra2 b3 45. Rb2 Rb6+ 46. Ke5 Kf7 47. h3 Rb4 48. Kd5 h6 49. Kc5 Rb8 50. Kc4 Kf6 51.
Rxb3 Rc8+ 52. Kd4 Kg5 53. Rb6 Rd8+ 54. Ke4 Re8+ 55. Re6 Ra8 56. Rg6+ Kh4 57. Rxh6+ Kg3 58. f6 Re8+ 59. Kf5 Re2 60. f7 Rf2+ 61. Kg6 1-0

[Event "Early-Titled-Tuesday-Blitz-April-02-2024"]
[Site "Chess.com"]
[Date "2024.04.02"]
[Round "10"]
[White "Djager97"]
[Black "Louis-Paulsen-Fan"]
[Result "1/2-1/2"]
[WhiteElo "2575"]
[BlackElo "2301"]
[TimeControl "180+1"]
[EndTime "9:57:22 PDT"]
[Termination "Game drawn by repetition"]

1. e4 Nf6 2. Nc3 e5 3. Bc4 Nc6 4. d3 Na5 5. Bg5 Nxc4 6. dxc4 d6 7. Qd3 Be7 8. O-O-O Be6 9. Nge2 Ng4 10. Bxe7 Qxe7 11.
Qg3 O-O-O 12. h3 Nf6 13. Qd3 c6 14. Qe3 Kb8 15. b3 h6 16. Kb2 Qc7 17. f4 exf4 18.
Nxf4 Rhe8 19. Nxe6 Rxe6 20. Qg3 g6 21. Qf4 Rde8 22.
Rhe1 d5 23. Qxc7+ Kxc7 24. cxd5 cxd5 25. Nxd5+ Nxd5 26. Rxd5 Rxe4 27. Red1 R8e7 28. a4 a6 29. a5 Re2 30. R1d2 Rxd2 31. Rxd2 Re3 32. b4 Kc6 33. c3 Rg3 34. Kb3 f5 35. Kc4 g5 36. Re2 f4 37.
Kd4 f3 38. gxf3 Rxh3 39. Re6+ Kd7 40. Rg6 Rxf3 41. Rxh6 Rf4+ 42. Kc5 Kc7 43. Rh7+ Kb8 44. c4 Rf5+ 45. Kd4 Rf4+ 46. Kd5 Rf5+ 47. Ke6 Rf4 48. Kd5 Rf5+ 49. Ke4 Rf4+ 50. Kd3 Rf3+ 51. Kd2 Rf2+ 52. Kc3 Rf3+ 53. Kc2 Rf2+ 54. Kb3 Rf3+ 55. Ka4 Rf4 56. c5 g4 57. Rg7 Re4 58. Kb3 Rf4 59. Kc3 Re4 60. Kb3 Rf4 61. Kc3 Re4 62. Kb3 1/2-1/2